MLB
NEW YORK YANKEES @ TORONTO BLUE JAYS
08/08/2019
 
TOP OF THE 1ST
New York Yankees batting - Pitching for Toronto Blue Jays : RHP Lance Lynn
Pitching: RHP Lance Lynn
Batting: LHB Charlie Blackmon 0-0: Ball
1-0: Swinging Strike
1-1: Swinging Strike
1-2: Ball
2-2: Ball
3-2: Base on Balls
Batting: RHB Garrett Hampson 0-0: Ball
1-0: Swinging Strike
Charlie Blackmon steals 2nd base
1-1: Foul Ball, location: 2F
1-2: Ball
2-2: Ball
3-2: Fly out, F8 (Line Drive, 8LM, EV 91.9 MPH)
Batting: RHB Anthony Rendon 0-0: Ball
1-0: Called Strike
1-1: Fly out, F8 (Flyball, 8RM, EV 93.1 MPH)
Batting: LHB Willie Calhoun 0-0: Fly out, F7 (Flyball, 7D, EV 102.5 MPH)
Top of the 1st over - 0 runs, 0 hits, 0 errors, 1 left on base; New York 0 - Toronto 0
BOTTOM OF THE 1ST
Toronto Blue Jays batting - Pitching for New York Yankees : RHP Zack Greinke
Pitching: RHP Zack Greinke
Batting: RHB Keon Broxton 0-0: Ball
1-0: Foul Ball, location: 2F
1-1: Called Strike
1-2: Strikes out looking
Batting: RHB Elvis Andrus 0-0: Ball
1-0: Called Strike
1-1: Ball
2-1: Foul Ball, location: 2F
2-2: SOLO HOME RUN (Line Drive, 7D, EV 106.3 MPH), Distance : 371 ft
Batting: RHB Kris Bryant 0-0: Ball
1-0: Swinging Strike
1-1: Ground out 5-3 (Groundball, 56S, EV 91.9 MPH)
Batting: RHB Nicholas Castellanos 0-0: Called Strike
0-1: Ball
1-1: Called Strike
1-2: Strikes out swinging
Bottom of the 1st over - 1 run, 1 hit, 0 errors, 0 left on base; New York 0 - Toronto 1
TOP OF THE 2ND
New York Yankees batting - Pitching for Toronto Blue Jays : RHP Lance Lynn
Batting: RHB Ryan Braun 0-0: Foul Ball, location: 2F
0-1: SINGLE (Groundball, 6MD, EV 101.3 MPH)
Batting: RHB Paul Goldschmidt 0-0: Ball
1-0: Ball
2-0: Ball
3-0: Called Strike
3-1: Base on Balls
Ryan Braun to second
Batting: LHB Brandon Crawford 0-0: Foul Ball, location: 2F
0-1: Foul Ball, location: 2F
0-2: Ball
1-2: SINGLE (Groundball, 56D, EV 97.5 MPH)
Ryan Braun to third
Paul Goldschmidt to second
Batting: RHB Eloy Jimenez 0-0: Called Strike
0-1: Called Strike
0-2: Ball
1-2: Foul Ball, location: 2F
1-2: Ball
2-2: Strikes out swinging
Batting: LHB Garrett Stubbs 0-0: Called Strike
0-1: Called Strike
0-2: Ball
1-2: Ball
2-2: Foul Ball, location: 2F
2-2: Fly out, F7 (Flyball, 7LD, EV 107.5 MPH)
Runner from 3rd tags up, SCORES, throw by LF
Batting: LHB Charlie Blackmon 0-0: Swinging Strike
0-1: Fly out, F9 (Flyball, 89M, EV 81.9 MPH)
Top of the 2nd over - 1 run, 2 hits, 0 errors, 2 left on base; New York 1 - Toronto 1
BOTTOM OF THE 2ND
Toronto Blue Jays batting - Pitching for New York Yankees : RHP Zack Greinke
Batting: RHB Yoenis Cespedes 0-0: Fly out, F4 (Popup, 34, EV 60.6 MPH)
Batting: RHB Travis d'Arnaud 0-0: Ball
1-0: Called Strike
1-1: Called Strike
1-2: Strikes out swinging
Batting: RHB Aledmys Diaz 0-0: Ball
1-0: Called Strike
1-1: Ball
2-1: Foul Ball, location: 2F
2-2: Ball
3-2: SOLO HOME RUN (Flyball, 7LD, EV 97.5 MPH), Distance : 352 ft
Batting: RHB Juan Lagares 0-0: Called Strike
0-1: Fly out, F9 (Flyball, 9S, EV 93.8 MPH)
Bottom of the 2nd over - 1 run, 1 hit, 0 errors, 0 left on base; New York 1 - Toronto 2
TOP OF THE 3RD
New York Yankees batting - Pitching for Toronto Blue Jays : RHP Lance Lynn
Batting: RHB Garrett Hampson 0-0: Fly out, F7 (Flyball, 78S, EV 91.3 MPH)
Batting: RHB Anthony Rendon 0-0: Ball
1-0: Called Strike
1-1: Ball
2-1: Ball
3-1: Called Strike
3-2: SOLO HOME RUN (Flyball, 7LD, EV 95.0 MPH), Distance : 335 ft
Batting: LHB Willie Calhoun 0-0: Foul Ball, location: 2F
0-1: Swinging Strike
0-2: Ball
1-2: Ground out U3 (Groundball, 34S, EV 86.9 MPH)
Batting: RHB Ryan Braun 0-0: Ball
1-0: Foul Ball, location: 2F
1-1: Called Strike
1-2: Ball
2-2: Ground out 6-3 (Groundball, 6MS, EV 88.8 MPH)
Top of the 3rd over - 1 run, 1 hit, 0 errors, 0 left on base; New York 2 - Toronto 2
BOTTOM OF THE 3RD
Toronto Blue Jays batting - Pitching for New York Yankees : RHP Zack Greinke
Batting: RHB Dixon Machado 0-0: Ground out 5-3 (Groundball, 56, EV 85.6 MPH)
Batting: RHB Keon Broxton 0-0: Called Strike
0-1: Called Strike
0-2: Fly out, F8 (Flyball, 8RS, EV 91.3 MPH)
Batting: RHB Elvis Andrus 0-0: Ball
1-0: Called Strike
1-1: Ground out 5-3 (Groundball, 56, EV 76.9 MPH)
Bottom of the 3rd over - 0 runs, 0 hits, 0 errors, 0 left on base; New York 2 - Toronto 2
TOP OF THE 4TH
New York Yankees batting - Pitching for Toronto Blue Jays : RHP Lance Lynn
Batting: RHB Paul Goldschmidt 0-0: Fly out, F9 (Flyball, 89S, EV 93.1 MPH)
Batting: LHB Brandon Crawford 0-0: Ball
1-0: Ball
2-0: Called Strike
2-1: Foul Ball, location: 2F
2-2: Fly out, F7 (Flyball, 7S, EV 76.9 MPH)
Batting: RHB Eloy Jimenez 0-0: Foul Ball, location: 2F
0-1: Foul Ball, location: 2F
0-2: Ball
1-2: Ball
2-2: Strikes out swinging, 2-3 out at first.
Top of the 4th over - 0 runs, 0 hits, 0 errors, 0 left on base; New York 2 - Toronto 2
BOTTOM OF THE 4TH
Toronto Blue Jays batting - Pitching for New York Yankees : RHP Zack Greinke
Batting: RHB Kris Bryant 0-0: Called Strike
0-1: Foul Ball, location: 2F
0-2: Ball
1-2: DOUBLE (Line Drive, 78M, EV 113.1 MPH)
Batting: RHB Nicholas Castellanos 0-0: Called Strike
0-1: Fly out, F8 (Flyball, 89D, EV 82.5 MPH)
Runner from 2nd tags up, SAFE at 3rd, no throw by CF
Batting: RHB Yoenis Cespedes 0-0: Ball
1-0: Foul Ball, location: 2F
1-1: Ball
2-1: Fly out, F8 (Line Drive, 8LM, EV 104.4 MPH)
Runner from 3rd tags up, SCORES, no throw by CF
Batting: RHB Travis d'Arnaud 0-0: Called Strike
0-1: Foul Ball, location: 2F
0-2: Ball
1-2: Ball
2-2: Ball
3-2: Foul Ball, location: 2F
3-2: Ground out 6-3 (Groundball, 6, EV 110.0 MPH)
Bottom of the 4th over - 1 run, 1 hit, 0 errors, 0 left on base; New York 2 - Toronto 3
TOP OF THE 5TH
New York Yankees batting - Pitching for Toronto Blue Jays : RHP Lance Lynn
Batting: LHB Garrett Stubbs 0-0: SINGLE (Groundball, 34D, EV 100.0 MPH)
Batting: LHB Charlie Blackmon 0-0: Foul Ball, location: 2F
0-1: Called Strike
0-2: Ball
1-2: Ball
2-2: Ball
3-2: Base on Balls
Garrett Stubbs to second
Batting: RHB Garrett Hampson 0-0: Called Strike
0-1: Ball
1-1: Fielders Choice at 2nd, 6-4 (Groundball, 6, EV 106.3 MPH)
Garrett Stubbs to third
Batting: RHB Anthony Rendon 0-0: Ball
1-0: Ball
2-0: Fly out, F8 (Flyball, 78D, EV 104.4 MPH)
Runner from 3rd tags up, SCORES, no throw by CF
Batting: LHB Willie Calhoun 0-0: Ball
Garrett Hampson steals 2nd base
1-0: Fly out, F7 (Flyball, 78S, EV 90.6 MPH)
Top of the 5th over - 1 run, 1 hit, 0 errors, 1 left on base; New York 3 - Toronto 3
BOTTOM OF THE 5TH
Toronto Blue Jays batting - Pitching for New York Yankees : RHP Zack Greinke
Batting: RHB Aledmys Diaz 0-0: Fly out, F9 (Flyball, 89S, EV 90.0 MPH)
Batting: RHB Juan Lagares 0-0: Foul Ball, location: 2F
0-1: Ball
1-1: Foul Ball, location: 2F
1-2: Foul Ball, location: 2F
1-2: Ball
2-2: Fly out, F2 (Popup, 25F, EV 91.3 MPH)
Batting: RHB Dixon Machado 0-0: Called Strike
0-1: SINGLE (Groundball, 4MD, EV 103.1 MPH)
Batting: RHB Keon Broxton Balk!
Dixon Machado to second
0-0: Ball
1-0: Foul Ball, location: 2F
1-1: Ball
2-1: Ground out 1-3 (Groundball, 13, EV 83.8 MPH)
Bottom of the 5th over - 0 runs, 1 hit, 0 errors, 1 left on base; New York 3 - Toronto 3
TOP OF THE 6TH
New York Yankees batting - Pitching for Toronto Blue Jays : RHP Lance Lynn
Batting: RHB Ryan Braun 0-0: Called Strike
0-1: SINGLE (Groundball, 6MD, EV 103.8 MPH)
Batting: RHB Paul Goldschmidt 0-0: Ball
1-0: Fly out, F9 (Flyball, 9D, EV 103.1 MPH)
Batting: LHB Brandon Crawford 0-0: Called Strike
0-1: Ball
1-1: Called Strike
1-2: Strikes out swinging
Batting: RHB Eloy Jimenez 0-0: Ball
1-0: Fly out, F5 (Line Drive, 5, EV 68.8 MPH)
Top of the 6th over - 0 runs, 1 hit, 0 errors, 1 left on base; New York 3 - Toronto 3
BOTTOM OF THE 6TH
Toronto Blue Jays batting - Pitching for New York Yankees : RHP Zack Greinke
Pitching: LHP Xavier Cedeno
Batting: RHB Elvis Andrus 0-0: Ball
1-0: Ball
2-0: Fly out, F6 (Line Drive, 6, EV 68.1 MPH)
Batting: RHB Kris Bryant 0-0: Ball
1-0: Foul Ball, location: 2F
1-1: Ground out 6-3 (Groundball, 6M, EV 101.9 MPH)
Batting: RHB Nicholas Castellanos 0-0: Ground out 5-3 (Groundball, 56S, EV 90.6 MPH)
Bottom of the 6th over - 0 runs, 0 hits, 0 errors, 0 left on base; New York 3 - Toronto 3
TOP OF THE 7TH
New York Yankees batting - Pitching for Toronto Blue Jays : RHP Lance Lynn
Pitching: RHP Mason McCullough
Batting: LHB Garrett Stubbs 0-0: Swinging Strike
0-1: Called Strike
0-2: Strikes out swinging
Batting: LHB Charlie Blackmon 0-0: Called Strike
0-1: Called Strike
0-2: Foul Ball, location: 2F
0-2: Strikes out swinging
Batting: RHB Garrett Hampson 0-0: Ball
1-0: Ball
2-0: Ball
3-0: Base on Balls
Batting: RHB Anthony Rendon 0-0: Ball
1-0: Ball
2-0: Called Strike
2-1: Ball
3-1: Fly out, F7 (Line Drive, 7, EV 94.4 MPH)
Top of the 7th over - 0 runs, 0 hits, 0 errors, 1 left on base; New York 3 - Toronto 3
BOTTOM OF THE 7TH
Toronto Blue Jays batting - Pitching for New York Yankees : LHP Xavier Cedeno
Batting: RHB Yoenis Cespedes 0-0: Swinging Strike
0-1: Fly out, F8 (Flyball, 8LD, EV 90.6 MPH)
Batting: RHB Travis d'Arnaud 0-0: Called Strike
0-1: Swinging Strike
0-2: Ball
1-2: Ball
2-2: Ball
3-2: Base on Balls
Batting: RHB Aledmys Diaz 0-0: Called Strike
0-1: Foul Ball, location: 2F
0-2: Ball
1-2: Foul Ball, location: 2F
1-2: Ball
2-2: Ball
3-2: Base on Balls
Travis d'Arnaud to second
Pitching: LHP Josh Hader
Batting: RHB Juan Lagares 0-0: Called Strike
0-1: Ball
1-1: Hit by Pitch
Travis d'Arnaud to third
Aledmys Diaz to second
Batting: RHB Dixon Machado 0-0: Ball
1-0: Foul Ball, location: 2F
1-1: Grounds into fielders choice 6-2 (Groundball, 56, EV 85.6 MPH)
Aledmys Diaz to third
Juan Lagares to second
Batting: RHB Keon Broxton 0-0: Called Strike
0-1: Ball
1-1: Called Strike
1-2: Ball
2-2: Strikes out swinging
Bottom of the 7th over - 0 runs, 0 hits, 0 errors, 3 left on base; New York 3 - Toronto 3
TOP OF THE 8TH
New York Yankees batting - Pitching for Toronto Blue Jays : RHP Mason McCullough
Pitching: RHP Trevor Rosenthal
Batting: LHB Willie Calhoun 0-0: Swinging Strike
0-1: Foul Ball, location: 2F
0-2: Foul Ball, location: 2F
0-2: Strikes out swinging
Batting: RHB Ryan Braun 0-0: Called Strike
0-1: Ball
1-1: Called Strike
1-2: Ball
2-2: Ball
3-2: Strikes out swinging
Batting: RHB Paul Goldschmidt 0-0: Ball
1-0: Foul Ball, location: 2F
1-1: Swinging Strike
1-2: Foul Ball, location: 2F
1-2: Ball
2-2: Ball
3-2: Base on Balls
Pitching: RHP Shelby Miller
Batting: LHB Brandon Crawford 0-0: Ball
1-0: Ball
2-0: Called Strike
2-1: Ball
3-1: Base on Balls
Paul Goldschmidt to second
Batting: RHB Eloy Jimenez 0-0: Fly out, F6 (Popup, P, EV 76.3 MPH)
Top of the 8th over - 0 runs, 0 hits, 0 errors, 2 left on base; New York 3 - Toronto 3
BOTTOM OF THE 8TH
Toronto Blue Jays batting - Pitching for New York Yankees : LHP Josh Hader
Batting: RHB Elvis Andrus 0-0: Called Strike
0-1: Foul Ball, location: 2F
0-2: Strikes out looking
Batting: RHB Kris Bryant 0-0: Foul Ball, location: 2F
0-1: Ball
1-1: Ball
2-1: Called Strike
2-2: Ground out 6-3 (Groundball, 6, EV 83.1 MPH)
Batting: RHB Nicholas Castellanos 0-0: Called Strike
0-1: Swinging Strike
0-2: Ground out 6-3 (Groundball, 6, EV 106.3 MPH)
Bottom of the 8th over - 0 runs, 0 hits, 0 errors, 0 left on base; New York 3 - Toronto 3
TOP OF THE 9TH
New York Yankees batting - Pitching for Toronto Blue Jays : RHP Shelby Miller
Pitching: RHP Ken Giles
Pinch Hitting: LHB Scooter Gennett 0-0: Ball
1-0: Ball
2-0: Ball
3-0: Called Strike
3-1: Base on Balls
Batting: LHB Charlie Blackmon 0-0: Called Strike
0-1: Ball
1-1: Sac Bunt to 3S - play at first, batter OUT! 3-4
Scooter Gennett to second
Batting: RHB Garrett Hampson 0-0: Ball
1-0: SINGLE (Groundball, 34D, EV 95.6 MPH)
Scooter Gennett to third
Batting: RHB Anthony Rendon 0-0: Called Strike
Garrett Hampson steals 2nd base (no throw)
0-1: SINGLE (Line Drive, 56D, EV 104.4 MPH)
Scooter Gennett scores
Garrett Hampson to third
Batting: LHB Willie Calhoun 0-0: Ball
1-0: Fielders Choice at 2nd, 4-6 (Groundball, 4, EV 88.8 MPH)
Garrett Hampson scores
Batting: RHB Ryan Braun 0-0: Ball
1-0: SINGLE (Groundball, 56, EV 102.5 MPH) (infield hit)
Willie Calhoun to second
Batting: RHB Paul Goldschmidt 0-0: Foul Ball, location: 2F
0-1: Foul Ball, location: 2F
0-2: Foul Ball, location: 2F
0-2: Foul Ball, location: 2F
0-2: Strikes out looking
Top of the 9th over - 2 runs, 3 hits, 0 errors, 2 left on base; New York 5 - Toronto 3
BOTTOM OF THE 9TH
Toronto Blue Jays batting - Pitching for New York Yankees : LHP Josh Hader
Pitching: RHP Wade Davis
Now at C: James McCann
Now in LF: Tony Kemp
Batting: RHB Yoenis Cespedes 0-0: Fly out, F7 (Flyball, 7S, EV 86.3 MPH)
Batting: RHB Travis d'Arnaud 0-0: Ball
1-0: Called Strike
1-1: Swinging Strike
1-2: Ball
2-2: Strikes out swinging
Batting: RHB Aledmys Diaz 0-0: Ball
1-0: SOLO HOME RUN (Flyball, 78XD, EV 95.6 MPH), Distance : 415 ft
Pinch Hitting: SHB Josh Bell 0-0: Ball
1-0: Foul Ball, location: 2F
1-1: Ball
2-1: Foul Ball, location: 2F
2-2: Foul Ball, location: 2F
2-2: Ball
3-2: Foul Ball, location: 2F
3-2: SINGLE (Groundball, 4MD, EV 97.5 MPH)
Pinch Hitting: RHB Jorge Soler 0-0: Ball
Wild Pitch!
Josh Bell to second
1-0: Called Strike
1-1: Called Strike
1-2: Strikes out swinging
Bottom of the 9th over - 1 run, 2 hits, 0 errors, 1 left on base; New York 5 - Toronto 4
Tuesday, November 12th, 2019 - OOTP Baseball 20.7 Build 68